SAAA
PAWNEE PARKSNREC @ HIALEAH DODOS
08/09/2038
 
TOP OF THE 1ST
Pawnee ParksNRec batting - Pitching for Hialeah Dodos : RHP Rob Silva
Pitching: RHP Rob Silva
Batting: LHB Vance Corkum 0-0: Foul Ball, location: 2F
0-1: Fly out, F7 (Line Drive, 7, EV 86.9 MPH)
Batting: RHB Josh Mawdesley 0-0: Ball
1-0: Called Strike
1-1: Called Strike
1-2: Ball
2-2: Ball
3-2: Strikes out swinging
Batting: RHB Chip Mullaney 0-0: Ball
1-0: Swinging Strike
1-1: Foul Ball, location: 2F
1-2: SINGLE (Flyball, 9LS, EV 93.8 MPH)
Batting: LHB Silas Givens 0-0: Ball
1-0: Called Strike
1-1: Ball
2-1: Ground out 4-3 (Groundball, 4, EV 84.4 MPH)
Top of the 1st over - 0 runs, 1 hit, 0 errors, 1 left on base; Pawnee 0 - Hialeah 0
BOTTOM OF THE 1ST
Hialeah Dodos batting - Pitching for Pawnee ParksNRec : RHP Yaroslav Red'kin
Pitching: RHP Yaroslav Red'kin
Batting: LHB Dallas McMurran 0-0: Called Strike
0-1: Fly out, F3 (Popup, 3SF, EV 76.2 MPH)
Batting: RHB Jorge Díaz 0-0: Fly out, F9 (Flyball, 9LM, EV 87.5 MPH)
Batting: SHB Arvo Helminen 0-0: Foul Ball, location: 2F
0-1: Called Strike
0-2: Strikes out looking
Bottom of the 1st over - 0 runs, 0 hits, 0 errors, 0 left on base; Pawnee 0 - Hialeah 0
TOP OF THE 2ND
Pawnee ParksNRec batting - Pitching for Hialeah Dodos : RHP Rob Silva
Batting: RHB Layton Arntsen 0-0: Ball
1-0: Called Strike
1-1: Fly out, F9 (Line Drive, 9LM, EV 104.4 MPH)
Batting: RHB Robin Colwill 0-0: Ball
1-0: Called Strike
1-1: Called Strike
1-2: Ball
2-2: Foul Ball, location: 2F
2-2: Foul Ball, location: 2F
2-2: Fly out, F9 (Flyball, 9D, EV 74.4 MPH)
Batting: RHB Fletcher Megarity 0-0: Called Strike
0-1: Ball
1-1: Ball
2-1: Ball
3-1: Swinging Strike
3-2: Fly out, F9 (Flyball, 9S, EV 72.5 MPH)
Top of the 2nd over - 0 runs, 0 hits, 0 errors, 0 left on base; Pawnee 0 - Hialeah 0
BOTTOM OF THE 2ND
Hialeah Dodos batting - Pitching for Pawnee ParksNRec : RHP Yaroslav Red'kin
Batting: SHB Leon Green 0-0: Ball
1-0: Called Strike
1-1: Called Strike
1-2: Ball
2-2: Strikes out looking
Batting: RHB Jon Deal 0-0: Called Strike
0-1: Ball
1-1: Ball
2-1: Ground out 6-3 (Groundball, 6, EV 88.1 MPH)
Batting: RHB Tae-gyoon Ch'oe 0-0: Ground out 6-3 (Groundball, 6, EV 108.8 MPH)
Bottom of the 2nd over - 0 runs, 0 hits, 0 errors, 0 left on base; Pawnee 0 - Hialeah 0
TOP OF THE 3RD
Pawnee ParksNRec batting - Pitching for Hialeah Dodos : RHP Rob Silva
Batting: RHB Gilberto Ramírez 0-0: Ball
1-0: Ball
2-0: Foul Ball, location: 2F
2-1: Swinging Strike
2-2: Strikes out looking
Batting: RHB Ashton Bailey 0-0: Ball
1-0: Called Strike
1-1: Ball
2-1: Ball
3-1: SINGLE (Groundball, 6MD, EV 109.4 MPH)
Batting: LHB Vance Corkum 0-0: Called Strike
0-1: Ball
1-1: Swinging Strike
1-2: Ball
2-2: Ball
3-2: Base on Balls
Ashton Bailey to second
Batting: RHB Josh Mawdesley 0-0: Foul Ball, location: 2F
0-1: Called Strike
0-2: Ball
1-2: Strikes out swinging
Batting: RHB Chip Mullaney 0-0: Ball
1-0: Ground out U3 (Groundball, 34, EV 80.0 MPH)
Top of the 3rd over - 0 runs, 1 hit, 0 errors, 2 left on base; Pawnee 0 - Hialeah 0
BOTTOM OF THE 3RD
Hialeah Dodos batting - Pitching for Pawnee ParksNRec : RHP Yaroslav Red'kin
Now at SS: Stan Wheeler
Batting: RHB Jimmy Scott 0-0: Ground out 5-3 (Groundball, 56S, EV 82.5 MPH)
Batting: RHB Paul Byrd 0-0: Ball
1-0: Called Strike
1-1: Called Strike
1-2: Foul Ball, location: 2F
1-2: SOLO HOME RUN (Flyball, 7D, EV 103.1 MPH), Distance : 364 ft
Batting: RHB Chet Hollis 0-0: Ball
1-0: Ball
2-0: Ball
3-0: Base on Balls
Batting: LHB Dallas McMurran 0-0: Hit by Pitch
Chet Hollis to second
Batting: RHB Jorge Díaz 0-0: Ball
1-0: Ball
2-0: Ball
3-0: Called Strike
3-1: Called Strike
3-2: Fly out, F9 (Line Drive, 9D, EV 101.9 MPH)
Runner from 2nd tags up, SAFE at 3rd, no throw by RF
Batting: SHB Arvo Helminen 0-0: Called Strike
0-1: Ground out 1-3 (Groundball, 15, EV 88.8 MPH)
Bottom of the 3rd over - 1 run, 1 hit, 0 errors, 2 left on base; Pawnee 0 - Hialeah 1
TOP OF THE 4TH
Pawnee ParksNRec batting - Pitching for Hialeah Dodos : RHP Rob Silva
Batting: LHB Silas Givens 0-0: Ball
1-0: SINGLE (Groundball, 34S, EV 70.0 MPH) (infield hit)
Batting: RHB Layton Arntsen 0-0: Fly out, F7 (Flyball, 78D, EV 88.8 MPH)
Batting: RHB Stan Wheeler 0-0: Ball
1-0: Called Strike
1-1: Ball
2-1: Ball
3-1: Called Strike
3-2: Strikes out looking
Batting: RHB Fletcher Megarity 0-0: Ball
1-0: Ball
2-0: Ball
3-0: Called Strike
3-1: Called Strike
3-2: Base on Balls
Silas Givens to second
Batting: RHB Gilberto Ramírez 0-0: SINGLE (Groundball, 56D, EV 94.4 MPH)
Silas Givens to third
Fletcher Megarity to second
Runner from 3rd tries for Home, SAFE, throw by LF to home
Batting: RHB Ashton Bailey 0-0: Swinging Strike
0-1: Called Strike
0-2: Foul Ball, location: 2F
0-2: Fly out, F9 (Flyball, 89M, EV 85.6 MPH)
Top of the 4th over - 1 run, 2 hits, 0 errors, 2 left on base; Pawnee 1 - Hialeah 1
BOTTOM OF THE 4TH
Hialeah Dodos batting - Pitching for Pawnee ParksNRec : RHP Yaroslav Red'kin
Batting: SHB Leon Green 0-0: Ball
1-0: Ball
2-0: Called Strike
2-1: Fly out, F9 (Line Drive, 9D, EV 108.8 MPH)
Batting: RHB Jon Deal 0-0: Called Strike
0-1: Ground out 4-3 (Groundball, 4, EV 91.9 MPH)
Batting: RHB Tae-gyoon Ch'oe 0-0: Called Strike
0-1: Ball
1-1: Called Strike
1-2: Strikes out swinging
Bottom of the 4th over - 0 runs, 0 hits, 0 errors, 0 left on base; Pawnee 1 - Hialeah 1
TOP OF THE 5TH
Pawnee ParksNRec batting - Pitching for Hialeah Dodos : RHP Rob Silva
Batting: LHB Vance Corkum 0-0: Foul Ball, location: 2F
0-1: Called Strike
0-2: Ball
1-2: Strikes out swinging
Batting: RHB Josh Mawdesley 0-0: SINGLE (Groundball, 6, EV 85.0 MPH) (infield hit)
Batting: RHB Chip Mullaney 0-0: Fielders Choice at 2nd, 5-4 (Groundball, 5L, EV 75.6 MPH)
Batting: LHB Silas Givens 0-0: SINGLE (Groundball, 4MS, EV 69.4 MPH) (infield hit)
Chip Mullaney to second
Batting: RHB Layton Arntsen 0-0: Called Strike
0-1: Ball
1-1: Foul Ball, location: 2F
1-2: Fly out, F8 (Flyball, 78D, EV 89.4 MPH)
Top of the 5th over - 0 runs, 2 hits, 0 errors, 2 left on base; Pawnee 1 - Hialeah 1
BOTTOM OF THE 5TH
Hialeah Dodos batting - Pitching for Pawnee ParksNRec : RHP Yaroslav Red'kin
Batting: RHB Jimmy Scott 0-0: Ball
1-0: Called Strike
1-1: Foul Ball, location: 2F
1-2: Foul Ball, location: 2F
1-2: Strikes out swinging
Batting: RHB Paul Byrd 0-0: Ball
1-0: Called Strike
1-1: Swinging Strike
1-2: Foul Ball, location: 2F
1-2: Strikes out swinging
Batting: RHB Chet Hollis 0-0: Ball
1-0: Ball
2-0: Foul Ball, location: 2F
2-1: Ball
3-1: Swinging Strike
3-2: Strikes out swinging
Bottom of the 5th over - 0 runs, 0 hits, 0 errors, 0 left on base; Pawnee 1 - Hialeah 1
TOP OF THE 6TH
Pawnee ParksNRec batting - Pitching for Hialeah Dodos : RHP Rob Silva
Batting: RHB Stan Wheeler 0-0: Swinging Strike
0-1: Ball
1-1: Ball
2-1: Ball
3-1: SINGLE (Flyball, 78S, EV 92.5 MPH)
Batting: RHB Fletcher Megarity 0-0: Sac Bunt to 2R - play at first, batter OUT! 2-3
Stan Wheeler to second
Batting: RHB Gilberto Ramírez 0-0: Intentional Walk
Batting: RHB Ashton Bailey 0-0: Foul Ball, location: 2F
0-1: Ball
1-1: Swinging Strike
1-2: Strikes out swinging
Pitching: RHP Kenny Hannah
Batting: LHB Vance Corkum 0-0: SINGLE (Flyball, 7LM, EV 96.2 MPH)
Stan Wheeler to third
Gilberto Ramírez to second
Batting: RHB Josh Mawdesley 0-0: Foul Ball, location: 2F
0-1: Ball
1-1: Ball
2-1: SINGLE (Groundball, 6, EV 101.2 MPH) (infield hit)
Stan Wheeler scores
Gilberto Ramírez to third
Vance Corkum to second
Batting: RHB Chip Mullaney 0-0: Called Strike
0-1: Called Strike
0-2: Foul Ball, location: 2F
0-2: Ground out 1-3 (Groundball, 13, EV 87.5 MPH)
Top of the 6th over - 1 run, 3 hits, 0 errors, 3 left on base; Pawnee 2 - Hialeah 1
BOTTOM OF THE 6TH
Hialeah Dodos batting - Pitching for Pawnee ParksNRec : RHP Yaroslav Red'kin
Batting: LHB Dallas McMurran 0-0: Called Strike
0-1: Ball
1-1: Foul Ball, location: 2F
1-2: Ground out 3-1 (Groundball, 3S, EV 83.8 MPH)
Batting: RHB Jorge Díaz 0-0: Ball
1-0: Ball
2-0: Called Strike
2-1: Ground out 1-3 (Groundball, 34S, EV 90.6 MPH)
Batting: SHB Arvo Helminen 0-0: Ground out 4-3 (Groundball, 4, EV 90.6 MPH)
Bottom of the 6th over - 0 runs, 0 hits, 0 errors, 0 left on base; Pawnee 2 - Hialeah 1
TOP OF THE 7TH
Pawnee ParksNRec batting - Pitching for Hialeah Dodos : RHP Kenny Hannah
Pitching: LHP Hakan Yilmanz
Batting: LHB Silas Givens 0-0: Foul Ball, location: 2F
0-1: Ball
1-1: SOLO HOME RUN (Flyball, 89XD, EV 94.4 MPH), Distance : 400 ft
Batting: RHB Layton Arntsen 0-0: Called Strike
0-1: DOUBLE (Line Drive, 5D, EV 94.4 MPH)
Batting: RHB Stan Wheeler 0-0: Intentional Walk
Batting: RHB Fletcher Megarity 0-0: Bunted foul
0-1: Sac Bunt to 15S - play at first, batter OUT! 1-4
Layton Arntsen to third
Stan Wheeler to second
Batting: RHB Gilberto Ramírez 0-0: Intentional Walk
Batting: RHB Ashton Bailey 0-0: Foul Ball, location: 2F
0-1: Foul Ball, location: 2F
0-2: Ball
1-2: Foul Ball, location: 2F
1-2: Strikes out swinging
Batting: LHB Vance Corkum 0-0: Ball
1-0: Foul Ball, location: 2F
1-1: Foul Ball, location: 2F
1-2: Foul Ball, location: 2F
1-2: Foul Ball, location: 2F
1-2: Strikes out swinging
Top of the 7th over - 1 run, 2 hits, 0 errors, 3 left on base; Pawnee 3 - Hialeah 1
BOTTOM OF THE 7TH
Hialeah Dodos batting - Pitching for Pawnee ParksNRec : RHP Yaroslav Red'kin
Batting: SHB Leon Green 0-0: Fly out, F6 (Popup, 6MS, EV 63.8 MPH)
Batting: RHB Jon Deal 0-0: Called Strike
0-1: Ball
1-1: Called Strike
1-2: Foul Ball, location: 2F
1-2: Ball
2-2: Foul Ball, location: 2F
2-2: Foul Ball, location: 2F
2-2: Strikes out swinging
Batting: RHB Tae-gyoon Ch'oe 0-0: Ball
1-0: Ball
2-0: Ball
3-0: Fly out, F9 (Line Drive, 9, EV 96.9 MPH)
Bottom of the 7th over - 0 runs, 0 hits, 0 errors, 0 left on base; Pawnee 3 - Hialeah 1
TOP OF THE 8TH
Pawnee ParksNRec batting - Pitching for Hialeah Dodos : LHP Hakan Yilmanz
Batting: RHB Josh Mawdesley 0-0: Called Strike
0-1: Foul Ball, location: 2F
0-2: Foul Ball, location: 2F
0-2: Ball
1-2: DOUBLE (Line Drive, 8RXD, EV 99.4 MPH)
Batting: RHB Chip Mullaney 0-0: SINGLE (Line Drive, 9S, EV 93.1 MPH)
Josh Mawdesley to third
Batting: LHB Silas Givens 0-0: Swinging Strike
0-1: Foul Ball, location: 2F
0-2: Ball
1-2: Foul Ball, location: 2F
1-2: Ball
2-2: Strikes out swinging
Chip Mullaney steals 2nd base
Batter strikes out.
Batting: RHB Layton Arntsen 0-0: Called Strike
0-1: Ball
1-1: Called Strike
1-2: Foul Ball, location: 2F
1-2: Foul Ball, location: 2F
1-2: Strikes out swinging
Batting: RHB Stan Wheeler 0-0: Ball
1-0: Ball
2-0: Ground out 6-3 (Groundball, 6, EV 103.8 MPH)
Top of the 8th over - 0 runs, 2 hits, 0 errors, 2 left on base; Pawnee 3 - Hialeah 1
BOTTOM OF THE 8TH
Hialeah Dodos batting - Pitching for Pawnee ParksNRec : RHP Yaroslav Red'kin
Batting: RHB Jimmy Scott 0-0: Ball
1-0: Called Strike
1-1: Foul Ball, location: 2F
1-2: Strikes out looking
Batting: RHB Paul Byrd 0-0: Foul Ball, location: 2F
0-1: Ball
1-1: Foul Ball, location: 2F
1-2: Ball
2-2: Foul Ball, location: 2F
2-2: Ball
3-2: Fly out, F9 (Flyball, 89D, EV 100.6 MPH)
Batting: RHB Chet Hollis 0-0: Ball
1-0: Ball
2-0: Ball
3-0: Called Strike
3-1: Foul Ball, location: 2F
3-2: Base on Balls
Pitching: RHP Josip Primorac
Batting: LHB Dallas McMurran 0-0: Ball
1-0: Called Strike
1-1: Ball
2-1: Foul Ball, location: 2F
2-2: Foul Ball, location: 2F
2-2: Ball
3-2: Ground out 4-3 (Groundball, 34, EV 80.6 MPH)
Bottom of the 8th over - 0 runs, 0 hits, 0 errors, 1 left on base; Pawnee 3 - Hialeah 1
TOP OF THE 9TH
Pawnee ParksNRec batting - Pitching for Hialeah Dodos : LHP Hakan Yilmanz
Pitching: RHP James McNeil
Batting: RHB Fletcher Megarity 0-0: Foul Ball, location: 2F
0-1: Ball
1-1: Foul Ball, location: 2F
1-2: Fly out, F8 (Line Drive, 8LM, EV 86.2 MPH)
Batting: RHB Gilberto Ramírez 0-0: Called Strike
0-1: Foul Ball, location: 2F
0-2: Ball
1-2: SOLO HOME RUN (Flyball, 7D, EV 100.0 MPH), Distance : 380 ft
Batting: RHB Ashton Bailey 0-0: Ground out 6-3 (Groundball, 6M, EV 77.5 MPH)
Batting: LHB Vance Corkum 0-0: Called Strike
0-1: Ball
1-1: Ground out U3 (Groundball, 34S, EV 85.6 MPH)
Top of the 9th over - 1 run, 1 hit, 0 errors, 0 left on base; Pawnee 4 - Hialeah 1
BOTTOM OF THE 9TH
Hialeah Dodos batting - Pitching for Pawnee ParksNRec : RHP Josip Primorac
Pitching: RHP Milton Mathews
Batting: RHB Jorge Díaz 0-0: Fly out, F7 (Flyball, 7S, EV 83.8 MPH)
Batting: SHB Arvo Helminen 0-0: Foul Ball, location: 2F
0-1: Ball
1-1: Ball
2-1: Fly out, F1 (Line Drive, P, EV 68.8 MPH)
Batting: SHB Leon Green 0-0: Called Strike
0-1: Ball
1-1: Ground out 5-3 (Groundball, 56S, EV 86.9 MPH)
Bottom of the 9th over - 0 runs, 0 hits, 0 errors, 0 left on base; Pawnee 4 - Hialeah 1
Friday, April 17th, 2020 - OOTP Baseball 20.8 Build 74